 Dungeon Crawl Stone Soup version 0.29.1-2-gbd0b4ee654 (webtiles) character file.

Game seed: 4785992506602568821

4 Lutefisk the Insei (level 1, -3/13 HPs)
             Began as an Octopode Transmuter on Nov 12, 2022.
             Slain by a quokka (4 damage)
             ... on level 1 of the Dungeon.
             The game lasted 00:00:31 (64 turns).

Lutefisk the Insei (Octopode Transmuter)              Turns: 64, Time: 00:00:31

Health: -3/13      AC:  1    Str:  9    XL:     1   Next: 70%
Magic:  2/3        EV: 13    Int: 15    God:
Gold:   5          SH:  0    Dex: 12    Spells: 3/4 levels left

rFire   . . .      SeeInvis .     - Unarmed
rCold   . . .      Faith    .   (no shield)
rNeg    . . .      Spirit   .   (helmet currently unavailable)
rPois   .          Reflect  .   (no amulet)
rElec   .          Harm     .   (no ring)
rCorr   .          Rampage  .   (no ring)
Will    .....                   (no ring)
Stlth   ++........              (no ring)
HPRegen 0.04/turn               (no ring)
MPRegen 0.08/turn               (no ring)
                                (no ring)
                                (no ring)

@: appendages (expiring)
A: tentacle spike 3, almost no armour, amphibious, 8 rings, camouflage 1,
gelatinous body 1, (nimble swimmer 1), tentacles
a: End Transformation


You were on level 1 of the Dungeon.
One of your tentacles had grown a beastly spike.
You visited 1 branch of the dungeon, and saw 1 of its levels.

You collected 5 gold pieces.

Inventory:

Potions
 a - a potion of lignification


   Skills:
 * Level 1.3 Fighting
 - Level 2.0 Dodging
 * Level 3.1 Unarmed Combat
 - Level 2.0 Spellcasting
 - Level 2.0 Transmutations


You had 3 spell levels left.
You knew the following spells:

 Your Spells              Type           Power      Damage    Failure   Level
a - Beastly Appendage     Tmut           14%        N/A       10%         1

Your spell library contained the following spells:

 Spells                   Type           Power      Damage    Failure   Level
 Wereblood                Tmut           7%         N/A       14%         2
 Spider Form              Tmut/Pois      4%         N/A       41%         3
 Ice Form                 Ice/Tmut       4%         N/A       82%         4


Dungeon Overview and Level Annotations

Branches:
Dungeon (1/15)

Altars:


Innate Abilities, Weirdness & Mutations

One of your tentacles has grown a beastly spike.
You cannot wear most types of armour.
You are amphibious.
You can wear up to eight rings at the same time.
Your skin changes colour to match your surroundings (Stealth+).
Your rubbery body absorbs attacks. (AC +1, EV +1)
((You are camouflaged when in or above water. (Stealth+)))
You have tentacles for arms and can constrict up to eight enemies at once.


Message History

A bat comes into view.
Found a scroll labelled INUXTYR KULIL.
A quokka comes into view.
The bat hits you but does no damage. The bat barely misses you.
The bat attacks as you move away! The bat misses you.
The bat closely misses you. The bat misses you.
You tentacle-slap the bat. You grab the bat. You squeeze the bat.
You kill the bat!
Casting: Beastly Appendage (safe; 10% risk of failure)
Confirm with . or Enter, or press ? or * to list all spells.
One of your tentacles grows a vicious spike.
The quokka bites you.
You see here a bat corpse.
You barely miss the quokka. Your grab misses the quokka.
You pierce the quokka, but do no damage.
The quokka barely misses you.
You miss the quokka. Your grab misses the quokka.
Your tentacle spike misses the quokka.
Your transformation is almost over.
The quokka barely misses you.
You tentacle-slap the quokka. Your grab misses the quokka.
Your tentacle spike misses the quokka.
You squeeze the quokka.
The quokka is heavily wounded.
The quokka bites you.
You barely miss the quokka. Your grab misses the quokka.
The quokka is heavily wounded.
The quokka completely misses you.
You closely miss the quokka. Your grab misses the quokka.
You tentacle-slap the quokka, but do no damage.
Your squeeze misses the quokka.
The quokka is heavily wounded.
The quokka bites you.
* * * LOW HITPOINT WARNING * * *
You tentacle-slap the quokka but do no damage.
You grab the quokka.
The quokka is heavily wounded.
You constrict the quokka, but do no damage.
The quokka bites you.
You die...

###### ######## ......
#......# .#
......#######......# #.#
..>........##......# #.#
...........##......# #.#
.....?.....##......# #.#
...........##.....†# #.#
...........##......#####.###
.?.......†r@................
.......#################.###
..b.... #†# ....... ##.###
....... #..... .......
#.#### #### #.# ## #.###<
#..###


You could see a quokka.

Vanquished Creatures
  A hobgoblin (D:1)
  A ball python (D:1)
  2 bats (D:1)
  A frilled lizard (D:1)
  A rat (D:1)
6 creatures vanquished.

Notes
Turn   | Place    | Note
-------+----------+-------------------------------------------
     0 | D:1      | Lutefisk the Octopode Transmuter began the quest for the
                  | Orb.
     0 | D:1      | Reached XP level 1. HP: 13/13 MP: 3/3
    64 | D:1      | Slain by a quokka

Illustrated notes

Levels and vault maps discovered:
D:1:      dpeg_arrival_round_a, layout_basic,
          shapermc_ecumenical_altar_totnotflames

Action                   || total
-------------------------++-------
Melee: Unarmed           ||    16
       Constrict         ||     7
       Kick              ||     2
       Tentacles         ||     2
       Punch             ||     1
 Cast: Beastly Appendage ||     2
 Stab: Sleeping          ||     1
Armor: Skin              ||     3
Dodge: Dodged            ||    12
